Map: Orbital Shipyard

Players

dipwood - Winner!

  • Race: Protoss Protoss
  • League: Master

EGG

  • Race: Zerg Zerg
  • League: Diamond

VOD

Have the link to the VOD?

Description

Time

  • Played on: Aug. 24, 2015, 11:08 p.m.
  • Length: 26:00
Show
View Real Time Build Order
Export as new Build Order

dipwood Protoss - Winner!

Build Orders: Oracle Opening 

Get SALT Encoding   

  12  0:00  Probe  
  13  0:13  Probe  
  14  0:18  Pylon  
  14  0:25  Probe  
  15  0:37  Probe  
  15  0:41  Gateway  
  16  0:44  Assimilator  
  16  0:49  Probe  
  17  1:01  Probe  
  18  1:13  Probe  
  19  1:26  Probe  
  20  1:33  Cybernetics Core  
  20  1:36  Zealot  
  20  1:38  Probe  
  23  1:47  Nexus  
  23  1:58  Warp Gate  
  23  1:59  Pylon  
  23  2:07  Assimilator  
  23  2:17  Mothership Core, Adept  
  27  2:23  Pylon  
  27  2:38  Probe  
  28  2:49  Zealot  
  30  2:53  Stargate  
  30  2:55  Probe  
  31  3:03  Probe  
  32  3:07  Probe  
  33  3:15  Probe  
  33  3:16  Adept  
  33  3:19  Probe  
  37  3:27  Probe  
  37  3:28  Pylon  
  37  3:30  Gateway  
  38  3:38  Oracle  
  39  4:12  Probe  
  39  4:13  Probe  
  42  4:29  Assimilator  
  42  4:30  Phoenix  
  42  4:31  Probe x2  
  42  4:33  Adept x2, Assimilator  
  44  4:53  Pylon  
  44  4:59  Pylon  
  44  5:02  Pylon  
  44  5:04  Zealot  
  46  5:11  Probe x2  
  46  5:12  Zealot  
  50  5:14  Phoenix  
  52  5:23  Probe  
  52  5:24  Probe  
  52  5:25  Zealot  
  56  5:38  Adept  
  56  5:41  Nexus  
  58  5:43  Pylon  
  58  5:44  Probe  
  58  5:45  Probe  
  60  5:50  Adept  
  60  5:56  Probe  
  64  5:57  Probe  
  64  6:07  Fleet Beacon  
  64  6:09  Probe  
  64  6:10  Probe  
  66  6:20  Pylon  
  66  6:22  Pylon  
  66  6:24  Probe  
  67  6:29  Carrier  
  67  6:36  Probe x2  
  73  6:51  Stargate  
  73  6:53  Graviton Catapult  
  57  7:11  Stalker  
  57  7:12  Adept  
  61  7:17  Stargate  
  61  7:21  Probe  
  61  7:22  Probe, Forge  
  63  7:24  Pylon  
  63  7:30  Carrier  
  63  7:33  Carrier  
  63  7:35  Sentry  
  65  7:40  Probe x3  
  68  7:50  Sentry  
  68  7:51  Carrier  
  78  8:09  Sentry  
  86  8:35  Carrier  
  86  8:54  Nexus  
  86  8:57  Photon Cannon  
  90  9:09  Assimilator  
  90  9:10  Gateway x2  
  90  9:12  Protoss Air Weapons Level 1  
  90  9:13  Assimilator  
  90  9:16  Twilight Council  
  90  9:18  Pylon  
  90  9:19  Gateway  
  90  9:20  Gateway  
  90  9:26  Sentry  
  90  9:27  Sentry  
  81  9:53  Adept x2  
  85  10:09  Photon Cannon  
  85  10:11  Photon Cannon  
  85  10:26  Zealot  
  87  10:32  Robotics Facility  
  87  10:39  Probe x3  
  90  10:44  Sentry x3  
  90  10:47  Sentry  
  98  10:51  Probe x3  
  101  11:03  Probe  
  102  11:05  Templar Archives  
  102  11:09  Carrier x2  
  88  11:45  Psionic Storm  
  82  12:00  Carrier  
  82  12:02  High Templar x6  
  86  12:29  Charge  
  86  12:38  Zealot x6  
  86  12:43  Mothership Core  
  100  12:48  Warp Prism  
  100  12:49  Pylon  
  102  13:06  Protoss Ground Weapons Level 1  
  102  13:07  Zealot  
  102  13:08  Zealot x3  
  110  13:17  Carrier x2  
  110  13:24  Pylon  
  121  13:54  High Templar  
  121  13:55  Zealot x3, High Templar x2  
  131  13:58  Archon  
  133  14:03  Nexus  
  133  14:05  Pylon  
  125  14:24  Pylon  
  125  14:25  Photon Cannon  
  95  15:01  Carrier  
  95  15:02  Carrier  
  95  15:07  Archon  
  85  15:08  Archon  
  85  15:10  Zealot  
  85  15:11  Zealot x3  
  85  15:12  Zealot x2  
  93  15:18  Mothership Core  
  91  15:25  Void Ray  
  91  15:26  Protoss Air Weapons Level 2  
  107  15:32  High Templar  
  109  15:41  Assimilator  
  109  15:43  Observer  
  109  15:45  High Templar  
  109  15:46  Assimilator  
  109  15:49  High Templar  
  114  16:04  Warp Prism  
  114  16:07  High Templar  
  114  16:08  Zealot x2, High Templar  
  123  16:19  Protoss Ground Weapons Level 2  
  123  16:26  Dark Shrine  
  123  16:36  Zealot x3  
  127  16:46  Zealot x3  
  127  16:53  Archon x2  
  115  17:01  High Templar x3  
  117  17:07  Assimilator  
  121  17:09  Photon Cannon  
  121  17:11  Gateway  
  121  17:16  High Templar  
  121  17:21  High Templar  
  125  17:31  Zealot  
  125  17:33  High Templar  
  129  17:37  Zealot x2  
  131  17:49  Dark Templar  
  133  17:54  Zealot x2  
  127  18:13  Dark Templar  
  127  18:14  Dark Templar  
  131  18:21  Zealot x3  
  131  18:22  Zealot  
  135  18:42  Zealot x3  
  135  18:43  Zealot x2  
  135  18:46  Archon  
  135  18:48  Zealot x2  
  149  19:02  Void Ray  
  145  19:03  Void Ray, Pylon  
  153  19:21  Nexus  
  153  19:23  Pylon  
  153  19:27  Protoss Ground Weapons Level 3  
  153  19:31  Zealot  
  153  19:46  Dark Templar, Zealot x3  
  161  19:56  Assimilator  
  161  19:59  Probe x3  
  164  20:01  Assimilator  
  164  20:06  Pylon  
  163  20:23  Pylon  
  163  20:25  Dark Templar x2  
  163  20:26  Zealot  
  163  20:27  Zealot  
  161  20:46  Dark Templar  
  161  20:47  Zealot x3  
  145  21:12  Archon x2  
  119  21:20  Zealot  
  119  21:21  Zealot x4  
  99  21:49  Archon  
  99  21:53  High Templar  
  99  21:54  Zealot x2, High Templar x2  
  101  21:55  Zealot x2  
  101  21:57  Archon  
  101  21:59  Archon  
  109  22:06  Photon Cannon  
  109  22:12  Void Ray  
  109  22:13  Void Ray  
  109  22:14  Nexus  
  109  22:15  Pylon  
  117  22:16  Zealot x4  
  125  22:25  Protoss Shields Level 1  
  125  22:34  Assimilator  
  125  22:38  Assimilator  
  124  22:46  Zealot x7  
  137  22:54  Photon Cannon x2  
  137  22:55  Pylon  
  137  22:56  Pylon  
  101  23:46  Zealot x4  
  101  23:47  Zealot x3  
  102  24:08  Dark Templar x3, Zealot  
  102  24:09  Zealot x2  
  90  24:31  Dark Templar  
  85  24:40  Dark Templar  
  85  25:05  Archon x2  
  85  25:41  Nexus  
Show
View Real Time Build Order
Export as new Build Order

EGG Zerg 

Build Orders: Hatch First 

Get SALT Encoding   

  12  0:00  Drone  
  13  0:10  Drone  
  14  0:17  Overlord  
  14  0:26  Drone, Extractor x2  
  13  0:29  Drone  
  16  0:35  Drone  
  17  0:45  Drone  
  18  0:57  Hatchery  
  18  1:00  Drone  
  18  1:05  Drone  
  19  1:17  Spawning Pool  
  18  1:19  Drone  
  18  1:25  Extractor  
  18  1:27  Drone  
  19  1:37  Drone  
  20  1:48  Overlord  
  20  2:03  Drone  
  20  2:06  Queen  
  23  2:09  Queen  
  23  2:10  Zergling x4  
  27  2:23  Drone x2  
  27  2:26  Metabolic Boost  
  29  2:31  Overlord  
  29  2:32  Drone  
  30  2:41  Drone, Queen  
  33  2:44  Queen  
  33  2:47  Drone  
  36  2:52  Overlord  
  36  2:55  Drone  
  37  3:17  Hatchery  
  35  3:24  Drone x4  
  35  3:25  Drone x3  
  42  3:37  Overlord  
  42  3:47  Zergling x6  
  45  3:49  Zergling x2  
  45  3:50  Zergling x4  
  48  4:08  Overlord, Queen x2  
  50  4:12  Drone x4  
  50  4:14  Extractor  
  52  4:20  Drone x3  
  55  4:27  Drone x3  
  55  4:30  Roach Warren, Spore Crawler, Extractor  
  55  4:35  Spore Crawler, Drone x2  
  55  4:36  Spore Crawler  
  51  4:49  Drone x2  
  48  5:11  Roach  
  48  5:12  Roach x6  
  62  5:15  Overlord  
  62  5:17  Drone x4  
  62  5:18  Drone  
  62  5:19  Queen  
  69  5:29  Roach x2  
  69  5:31  Overlord  
  69  5:32  Lair  
  73  5:47  Overlord  
  73  5:49  Drone x2  
  75  5:50  Drone, Extractor  
  75  5:51  Drone  
  75  5:52  Drone x4  
  80  6:00  Spore Crawler  
  79  6:05  Overlord x3  
  79  6:22  Drone x3  
  79  6:23  Evolution Chamber  
  79  6:24  Evolution Chamber  
  80  6:31  Roach  
  80  6:32  Roach x7  
  92  6:46  Roach  
  92  6:47  Roach x4  
  98  7:09  Overlord x6  
  98  7:10  Glial Reconstitution  
  98  7:14  Hatchery  
  98  7:15  Hydralisk Den  
  96  7:19  Zerg Missile Weapons Level 1  
  96  7:20  Zerg Ground Armor Level 1  
  96  7:30  Pneumatized Carapace  
  96  7:35  Drone  
  96  7:36  Drone x2  
  99  7:40  Spore Crawler  
  96  7:53  Drone  
  96  7:54  Drone x5  
  96  7:55  Muscular Augments  
  96  8:12  Drone  
  93  8:13  Drone x5  
  98  8:27  Hydralisk  
  98  8:28  Hydralisk x3  
  98  8:30  Overlord  
  98  8:31  Overlord x2  
  105  8:37  Overlord, Queen  
  105  8:39  Overlord  
  105  8:40  Overlord  
  101  9:00  Ravager  
  101  9:01  Ravager x11  
  113  9:03  Drone  
  113  9:04  Drone x7  
  113  9:06  Extractor  
  113  9:07  Extractor  
  119  9:24  Hatchery  
  119  9:29  Roach  
  119  9:30  Roach x8  
  136  9:45  Hatchery  
  115  9:56  Hydralisk  
  115  9:57  Hydralisk x9  
  124  10:19  Drone x4  
  124  10:20  Drone x5, Spire  
  132  10:23  Extractor x2  
  132  10:26  Overlord  
  130  10:38  Drone x3  
  130  10:39  Drone x2  
  130  10:40  Drone  
  136  10:57  Queen  
  136  11:01  Infestation Pit  
  136  11:03  Hydralisk  
  136  11:04  Hydralisk x10  
  119  11:26  Hydralisk  
  119  11:27  Hydralisk x10  
  116  11:43  Corruptor  
  116  11:44  Corruptor x3  
  120  11:47  Drone x2  
  120  11:48  Drone x4  
  124  11:58  Queen  
  116  12:14  Corruptor  
  116  12:15  Corruptor x5  
  118  12:18  Queen  
  128  12:36  Drone  
  128  12:37  Drone x7  
  132  12:42  Hydralisk x2  
  132  12:43  Hydralisk x5  
  150  12:48  Hive  
  150  13:07  Extractor  
  150  13:08  Extractor  
  150  13:11  Hydralisk x4, Roach x2  
  150  13:12  Hydralisk x5  
  170  13:13  Overlord  
  170  13:16  Overlord  
  170  13:18  Overlord  
  170  13:20  Zerg Flyer Weapons Level 1  
  170  13:26  Overlord x2  
  172  13:32  Drone x6  
  172  13:33  Drone x2  
  180  13:39  Drone  
  180  13:40  Drone x2  
  183  13:42  Pathogen Glands  
  183  13:44  Zerg Missile Weapons Level 2  
  183  13:45  Zerg Ground Armor Level 2  
  183  13:53  Corruptor  
  183  13:54  Corruptor x2  
  183  13:55  Corruptor  
  189  14:01  Extractor x2  
  185  14:19  Roach  
  185  14:20  Roach x6  
  176  14:52  Corruptor x4, Hydralisk  
  163  14:53  Hydralisk x9  
  163  14:54  Hydralisk x5  
  153  15:10  Drone x9  
  153  15:11  Drone x5  
  165  15:16  Drone x2  
  165  15:17  Drone  
  168  15:29  Hydralisk  
  168  15:30  Roach  
  168  15:31  Roach x7  
  186  15:38  Corruptor  
  186  15:39  Corruptor x2  
  186  15:40  Corruptor  
  194  15:45  Corruptor  
  196  15:53  Zerg Flyer Weapons Level 2  
  196  16:02  Hatchery  
  195  16:06  Corruptor  
  195  16:07  Corruptor  
  197  16:36  Corruptor x3  
  197  16:37  Corruptor x2  
  163  16:54  Corruptor  
  163  16:55  Corruptor, Roach  
  163  16:56  Roach x11  
  163  16:57  Roach x5  
  199  17:12  Zerg Ground Armor Level 3, Zerg Missile Weapons Level 3  
  189  18:12  Corruptor x7  
  179  18:13  Corruptor x4  
  179  18:17  Extractor  
  179  18:19  Hatchery  
  196  18:21  Hatchery, Extractor  
  196  18:22  Overseer  
  196  18:23  Overseer  
  180  19:07  Roach  
  180  19:08  Infestor, Roach x3  
  180  19:09  Infestor x3  
  194  19:20  Overseer  
  194  19:25  Hydralisk Den  
  194  19:28  Hatchery  
  192  19:31  Extractor  
  192  19:34  Extractor  
  190  19:48  Greater Spire  
  190  20:20  Overseer x3  
  172  20:42  Roach  
  172  20:43  Roach x3  
  168  20:50  Hydralisk x3  
  168  20:51  Hydralisk, Roach  
  168  20:52  Hydralisk x8  
  157  21:06  Hydralisk, Roach  
  157  21:07  Hydralisk x5, Roach x5  
  157  21:08  Roach  
  157  21:09  Hydralisk x5, Roach x2  
  157  21:10  Hydralisk  
  178  21:11  Roach x2  
  157  21:23  Overseer  
  141  21:30  Roach  
  141  21:31  Roach x11  
  149  21:43  Hatchery  
  149  21:46  Roach  
  149  21:47  Roach x7  
  161  21:51  Hydralisk Den  
  160  21:58  Brood Lord  
  162  22:01  Drone  
  162  22:02  Drone x4  
  162  22:03  Drone x2  
  169  22:12  Queen x3  
  169  22:14  Overlord x3  
  175  22:24  Extractor, Queen  
  175  22:26  Extractor  
  175  22:50  Hydralisk  
  175  22:51  Hydralisk x6, Roach  
  173  23:16  Queen x3  
  113  23:37  Roach x2  
  113  23:38  Roach x6  
  87  23:51  Queen  
  87  23:52  Roach, Queen x2  
  87  23:54  Drone x4  
  85  24:12  Roach  
  85  24:13  Roach x4  
  73  24:26  Drone  
  73  24:27  Drone x14  
  60  24:46  Overseer  
  58  25:04  Queen x2  
  58  25:06  Queen  
  64  25:16  Corruptor x2  
  64  25:21  Hatchery  
  67  25:39  Roach  
  67  25:40  Roach x5  
Tags
 
Add a new tag
Caveats
  • Supply blocks, unpowered buildings, or Contaminate may cause inaccurate times.
  • Supply counts are checked every 10 seconds.